Map: Frozen Temple

Players

Glorfindel - Winner!

  • Race: Terran Terran
  • League: Master

BALTIMORE

  • Race: Terran Terran
  • League: Grandmaster

VOD

Have the link to the VOD?

Description

Time

  • Played on: May 29, 2016, 3:16 a.m.
  • Length: 8:18
Show
View Real Time Build Order
Export as new Build Order

Glorfindel Terran - Winner!

Build Orders: 1/1/1 

Get SALT Encoding   

  12  0:00  SCV  
  13  0:12  SCV  
  14  0:18  Supply Depot  
  14  0:25  Refinery  
  14  0:29  SCV  
  15  0:41  SCV  
  16  0:46  Barracks  
  16  0:53  SCV  
  17  0:58  Refinery  
  17  1:05  SCV  
  19  1:18  SCV  
  19  1:33  Orbital Command  
  19  1:34  Barracks Reactor  
  19  1:40  Factory  
  19  1:49  Supply Depot  
  19  2:00  SCV  
  20  2:10  Marine x2  
  20  2:12  SCV  
  23  2:25  Starport  
  23  2:26  SCV  
  23  2:28  Marine  
  23  2:29  Marine  
  26  2:34  Supply Depot  
  26  2:38  SCV  
  26  2:40  Factory Tech Lab  
  27  2:46  Marine  
  29  2:53  SCV  
  29  2:58  Siege Tank  
  29  3:02  Medivac  
  34  3:06  Marine x2  
  36  3:16  Supply Depot  
  36  3:24  Marine  
  37  3:28  Supply Depot  
  37  3:38  Siege Tank  
  37  3:40  Medivac  
  42  3:49  Marine x2  
  42  3:51  Engineering Bay  
  44  3:58  Supply Depot  
  44  4:07  Marine x2  
  45  4:10  Siege Tank  
  41  4:25  Marine x2  
  40  4:42  Marine  
  40  4:45  Marine  
  40  4:48  SCV  
  41  5:00  Marine, SCV  
  41  5:03  Marine  
  39  5:09  Siege Tank  
  42  5:18  Marine  
  42  5:21  Marine  
  43  5:22  SCV  
  43  5:36  Marine  
  43  5:37  Command Center  
  43  5:39  Marine  
  43  5:42  Viking  
  47  5:48  SCV  
  48  5:54  Marine  
  49  6:00  Marine  
  49  6:03  SCV  
  49  6:11  Marine  
  49  6:18  Marine  
  49  6:25  Cyclone  
  54  6:29  Marine  
  55  6:36  Marine  
  55  6:39  Viking  
  58  6:40  SCV  
  59  6:49  Orbital Command  
  53  6:58  Marine  
  53  7:17  SCV, Orbital Command  
  54  7:29  SCV  
  55  7:31  Siege Tank  
  58  7:37  Viking  
  58  7:41  Marine  
  61  7:45  SCV  
  61  7:46  SCV  
Show
View Real Time Build Order
Export as new Build Order

BALTIMORE Terran 

Build Orders: 1/1/1 

Get SALT Encoding   

  12  0:01  SCV  
  13  0:13  SCV  
  14  0:18  Supply Depot  
  14  0:25  SCV  
  15  0:39  SCV  
  15  0:41  Barracks  
  16  0:45  Refinery  
  16  0:51  SCV  
  17  1:03  SCV  
  18  1:06  Refinery  
  18  1:15  SCV  
  19  1:28  Marine, Orbital Command  
  20  1:33  Supply Depot  
  20  1:43  Factory  
  20  1:48  Marine  
  21  1:54  SCV  
  22  2:06  SCV, Supply Depot  
  23  2:09  Marine  
  24  2:18  SCV  
  25  2:29  Starport  
  25  2:32  Armory  
  25  2:36  SCV  
  26  2:37  Factory Tech Lab  
  26  2:44  Marine  
  27  2:48  SCV  
  28  3:00  SCV  
  28  3:01  Supply Depot  
  28  3:04  Marine  
  30  3:08  Medivac  
  32  3:19  Thor  
  38  3:25  Supply Depot  
  38  3:35  Engineering Bay  
  38  3:46  SCV  
  41  3:52  Marine  
  40  4:02  Thor  
  46  4:11  Medivac  
  36  4:29  SCV  
  34  4:41  SCV  
  34  4:46  Marine  
  33  4:53  SCV  
  30  5:09  SCV  
  31  5:21  SCV  
  32  5:33  SCV  
  33  5:36  Marine  
  33  5:38  Thor  
  40  5:45  SCV  
  41  5:54  Marine  
  42  5:57  SCV  
  43  6:05  Medivac  
  45  6:24  SCV  
  46  6:28  Supply Depot  
  46  6:37  SCV  
  47  7:04  SCV  
  47  7:06  Siege Tank  
  53  7:30  SCV  
  53  7:33  Supply Depot  
  54  7:41  Siege Tank  
  54  7:42  SCV  
  56  7:54  SCV  
Tags
 
Add a new tag
Caveats
  • Supply blocks, unpowered buildings, or Contaminate may cause inaccurate times.
  • Supply counts are checked every 10 seconds.